AoeStats
← chenya_ko

Arabia

509499896Analyzed
1v1 RM · 7d ago on Sep 27, 2026· 47m 3s· 2 players
Game mode
Random Map
Map size
Tiny (2 player)
Population
200
Speed
Normal
Resources
Standard
Victory
Conquest
Starting age
Dark Age
Ending age
Imperial Age
RankedLock teamsTeams togetherTeam positionsShared explorationLock speedFull tech treeHidden civsTurbo modeCheats
Victory
Defeat
🇹🇼 Japanese · Taiwan
1065
+15
🇳🇿 Danes · New Zealand
1044
-15
Toney Baloney
7:44 Loom
9:47 Feudal Age
10:41 Double-Bit Axe
14:30 Man-at-Arms
22:55 Castle Age
21:36 Padded Archer Armor
21:26 Fletching
23:21 Wheelbarrow
24:34 Bow Saw
29:16 Horse Collar
29:31 Gold Mining
29:51 Elite Skirmisher
32:35 Bodkin Arrow
33:24 Heavy Plow
34:38 Thumb Ring
38:38 Leather Archer Armor
38:58 Ballistics
39:37 Forging
39:28 Scale Mail Armor
45:35 Imperial Age
46:10 Heavy Mounted Crossbowman
chenya_ko
2:02 Loom
10:08 Feudal Age
10:20 Man-at-Arms
14:43 Fletching
18:40 Wheelbarrow
23:36 Castle Age
22:00 Gold Mining
22:01 Arson
22:25 Scale Mail Armor
22:22 Double-Bit Axe
22:21 Horse Collar
23:34 Forging
24:02 Padded Archer Armor
24:18 Long Swordsman
24:44 Gambesons
25:30 Squires
26:17 Bow Saw
27:25 Iron Casting
29:15 Hand Cart
28:46 Town Watch
29:18 Heavy Plow
30:44 Gold Shaft Mining
31:11 Chain Mail Armor
32:13 Stone Mining
38:53 Imperial Age
36:49 Ballistics
38:19 Bodkin Arrow
38:40 Leather Archer Armor
38:38 Masonry
39:17 Two-Handed Swordsman
40:07 Bracer
40:38 Plate Mail Armor
41:10 Elite Skirmisher
44:53 Champion
Connection lost

Rejoining the realm…

Still unreachable

The connection could not be restored.

Session expired

The server has moved on; the page needs a fresh start.